 Dungeon Crawl Stone Soup version 0.15-a0-155-g2613b33 (webtiles) character file.

98646 PolkaDot the Bewitcher (level 15, -33/90 HPs)
             Began as a Vampire Enchanter on Apr 16, 2014.
             Was the Champion of Ashenzari.
             Killed from afar by a thorn hunter (45 damage)
             ... with a volley of thorns
             ... on Level 3 of the Swamp.
             The game lasted 03:26:50 (27619 turns).

PolkaDot the Bewitcher (Vampire Enchanter)         Turns: 27619, Time: 03:26:50

HP -33/90        AC 17     Str  7      XL: 15   Next: 67%
MP  13/25        EV 28     Int 20      God: Ashenzari [******]
Gold 2714        SH 15     Dex 20      Spells:  7 memorised,  1 level left

rFire  + + .     SeeInvis +     e - +4,+3 dagger "Temo" {stab, +Inv rPois rF+ MR+}
rCold  + + .     Clarity  +     K - +3 leather armour {rF+} (curse)
rNeg   + + +     Conserve .     r - +0 buckler (curse)
rPois  +         rCorr    +     y - +0 mask of the Dragon {MR+ Acc+3 Dam+3 SInv}
rElec  .         rRot     +     x - +2 cloak (curse)
SustAb . .       Spirit   .     p - +2 pair of gloves {archer} (curse)
rMut   .         Warding  .     g - -2 pair of boots of Benevolence {Dex+2 Int+2 Acc-3 Dam+5}
Saprov . . .     Stasis   .     D - cursed amulet of resist corrosion
MR     +++..                    S - cursed +5 ring of evasion
                                a - cursed +4 ring of protection

@: regenerating slowly, invisible, very slightly contaminated, extremely
resistant to hostile enchantments, extremely stealthy
A: bottle blood, fangs 3, see invisible, (wild magic 0), unbreathing
a: Bat Form, Bottle Blood, Scrying, Transfer Knowledge, Renounce Religion


You were on level 3 of the Swamp.
You worshipped Ashenzari.
Ashenzari was exalted by your worship.
You were near bloodless.

You visited 5 branches of the dungeon, and saw 30 of its levels.
You also visited: Labyrinth, Bailey and Ice Cave.

You collected 2924 gold pieces.
You spent 210 gold pieces at shops.

Inventory:

Hand weapons
 e - the cursed +4,+3 dagger "Temo" (weapon) {stab, +Inv rPois rF+ MR+}
   (You bought it in a shop on level 1 of the Orcish Mines)

   It inflicts extra damage upon your enemies.
   It protects you from fire.
   It protects you from poison.
   It affects your resistance to hostile enchantments.
   It lets you turn invisible.
   It has a curse placed upon it.
 i - a +4,+1 cutlass of electrocution
Armour
 g - the cursed -2 pair of boots of Benevolence (worn) {Dex+2 Int+2 Acc-3 Dam+5}
   (You found it in a labyrinth)

   It affects your intelligence (+2).
   It affects your dexterity (+2).
   It affects your accuracy with ranged weapons and melee attacks (-3).
   It affects your damage with ranged weapons and melee attacks (+5).
   It has a curse placed upon it.
 p - a cursed +2 pair of gloves of archery (worn)
 r - a cursed +0 buckler (worn)
 x - a cursed +2 cloak (worn)
 y - the cursed +0 mask of the Dragon (worn) {MR+ Acc+3 Dam+3 SInv}
   (You found it on level 6 of the Lair of Beasts)

   It affects your accuracy with ranged weapons and melee attacks (+3).
   It affects your damage with ranged weapons and melee attacks (+3).
   It affects your resistance to hostile enchantments.
   It enhances your eyesight.
   It has a curse placed upon it.
 K - a cursed +3 leather armour of fire resistance (worn)
Magical devices
 G - a wand of disintegration (23)
 L - a wand of paralysis (7)
 O - a wand of teleportation (2)
 R - a wand of digging (10)
Scrolls
 b - 2 scrolls of teleportation
 f - a scroll of recharging
 j - 2 scrolls of blinking
 k - a scroll of identify
 n - a scroll of vulnerability
 o - 2 scrolls of fog
 q - a scroll of silence
Jewellery
 a - a cursed +4 ring of protection (left hand)
 D - a cursed amulet of resist corrosion (around neck)
 S - a cursed +5 ring of evasion (right hand)
Potions
 c - 3 potions of agility
 d - 2 potions of poison {unknown}
 h - a potion of resistance
 l - 2 potions of heal wounds
 m - 2 potions of might
 t - 3 potions of restore abilities
 u - a potion of invisibility
 z - 19 potions of curing
 I - 3 potions of haste
Books
 A - a book of Battle

   Spells                             Type                      Level
   Infusion                           Charms                       1
   Shroud of Golubria                 Charms/Translocation         2
   Song of Slaying                    Charms                       2
   Spectral Weapon                    Hexes/Charms                 3
   Regeneration                       Charms/Necromancy            3
 B - the Tome of Flight
   (You found it on level 8 of the Lair of Beasts)

   Spells                             Type                      Level
   Shock                              Conjuration/Air              1
   *Flight                            Charms/Air                   3
   Poisonous Cloud                    Conjuration/Poison/Air       6
 F - a book of Summonings

   Spells                             Type                      Level
   Abjuration                         Summoning                    3
   Recall                             Summoning/Translocation      3
   Summon Elemental                   Summoning                    4
   Shadow Creatures                   Summoning                    5
   Summon Demon                       Summoning                    5
   Monstrous Menagerie                Summoning                    6
 P - a book of the Dragon

   Spells                             Type                      Level
   *Flight                            Charms/Air                   3
   Cause Fear                         Hexes                        4
   Bolt of Fire                       Conjuration/Fire             6
   Dragon Form                        Transmutation                7
   Dragon's Call                      Summoning                    9


   Skills:
 * Level 6.2(10.7) Short Blades
 - Level 0.7 Throwing
 - Level 8.1 Armour
 - Level 10.0(14.3) Dodging
 + Level 20.4(23.9) Stealth
 - Level 6.6(9.7) Shields
 - Level 4.4 Spellcasting
 + Level 20.6(24.0) Hexes
 - Level 10.9(15.1) Charms


You had one spell level left.
You knew the following spells:

 Your Spells              Type           Power        Failure   Level  Hunger
a - Corona                Hex            #######      0%          1    None
b - Sure Blade            Hex/Chrm       ######....   0%          2    #......
c - Confuse               Hex            #######.     0%          3    ###....
d - Ensorcelled Hibernat  Hex/Ice        ######       1%          2    #......
e - Enslavement           Hex            #######.     0%          4    ####...
i - Invisibility          Hex            #######.     1%          6    #######
F - Flight                Chrm/Air       #####.....   1%          3    ###....


Dungeon Overview and Level Annotations

Branches:
Dungeon (15/15)            Temple (1/1) D:6             Orc (3/4) D:9
   Lair (8/8) D:10          Swamp (3/5) Lair:5        Snake (0/5) Lair:3
  Slime (0/6) Lair:6       Vaults (0/5) D:13         Depths (0/5) D:15
    Elf: Orc:3-4

Altars:
Ashenzari
Cheibriados
Dithmenos
Elyvilon
Fedhas
Kikubaaqudgha
Makhleb
Nemelex Xobeh
Okawaru
Sif Muna
Trog
Vehumet
Xom
Yredelemnul
Zin
The Shining One

Shops:
D:8 %   Orc:1 (   Orc:3 %::

Portals:
Trove: D:11 (give +4,+4 demon whip)

Annotations:
Swamp:1 Asterion


Innate Abilities, Weirdness & Mutations

You heal slowly.
You can bottle blood from corpses.
You have razor-sharp teeth.*
You have supernaturally acute eyesight.
You can survive without breathing.*
((Your spells are a little harder to cast, but a little more powerful.))+


Message History

The cursed -2 pair of boots of Benevolence {Dex+2 Int+2 Acc-3 Dam+5} unmelds from your body.
You feel clever.
You feel agile.
Your cursed +0 buckler unmelds from your body.
Your cursed +3 leather armour of fire resistance unmelds from your body.
You feel resistant to fire.
Your cursed +4 ring of protection unmelds from your body.
Oops, that ring feels deathly cold.
a - a cursed +4 ring of protection (left hand)
Your cursed +5 ring of evasion unmelds from your body.
Oops, that ring feels deathly cold.
S - a cursed +5 ring of evasion (right hand) Splash!
You fall into the shallow water.
Moving in this stuff is going to be slow. ...and don't expect to remain undetected.
The bog body's decay slows.
The briar patch crumbles away.
The thorn hunter fires a volley of thorns at you.
The volley of thorns hits you!
Ouch! That really hurt!
You die...

≈≈≈≈≈...♣♣.%%..≈.....♣... *
≈≈≈≈.≈♣.≈≈≈..%...PP≈≈.♣♣
≈≈≈≈.≈♣.≈≈%<≈≈≈..PP≈≈.≈♣
≈≈≈≈≈≈..≈..n≈≈.♣.PP≈≈≈♣♣
≈≈≈≈≈≈.≈..%.%≈.♣PP≈≈≈≈♣ ♣♣♣♣
≈..≈≈.♣.≈≈..≈...P♣♣♣♣♣♣♣♣♣♣♣..♣♣
.≈♣♣♣♣≈≈≈≈≈♣..≈P♣♣♣♣ ♣♣..♣♣.≈≈.♣
§ * ♣.≈≈...§≈PPP..♣ ♣≈.♣♣♣.≈≈≈♣
≈ * ♣♣≈..≈≈≈≈≈P@≈.♣♣♣♣≈.≈♣.≈≈.♣
* ♣♣♣.≈≈≈≈≈.≈≈.:♣ ♣..≈≈.≈≈.♣ *
♣≈.≈≈≈≈..≈≈PP♣♣♣♣♣♣≈♣..♣♣
♣♣≈.≈≈≈...PPP≈≈≈♣≈.≈♣≈.♣
♣♣...≈.♣♣♣♣P≈≈≈.≈.≈♣♣<.♣
♣.♣♣♣≈P♣ ♣≈≈≈.≈♣♣..≈.^♣
♣♣♣♣≈≈≈♣♣♣♣ ♣♣...≈♣♣.≈...♣♣
♣♣≈≈.≈≈.≈♣ ♣♣♣♣♣♣♣...≈≈.♣
♣♣≈≈.♣...♣♣ ♣.≈≈..≈≈≈♣


You could see a thorn hunter and a bog body.

Vanquished Creatures
  Nikola (Swamp:1)
  A vault guard (D:13)
  A minotaur (Lab)
  2 ice dragons (IceCv)
  Fannar (Lair:7)
  8 hydras
  Harold (Lair:4)
  2 shambling mangroves
  3 death yaks
  3 alligators
  Urug (D:15)
  A spriggan (Swamp:1)
  4 skeletal warriors
  A flayed ghost (D:15)
  6 unseen horrors
  3 hill giants
  A swamp dragon (Swamp:2)
  2 orc knights
  A wizard (D:15)
  A necromancer (D:15)
  A stone giant zombie (D:15)
  3 manticores
  2 wolf spiders (Lair:8)
  A frost giant zombie (D:15)
  2 griffons
  4 elephants (Lair:4)
  3 red wasps
  A molten gargoyle (D:12)
  6 cyclopes
  A guardian serpent (Lair:8)
  11 spiny frogs
  5 black mambas (Lair:8)
  6 gargoyles
  An emperor scorpion zombie (D:15)
  2 feature mimics
  Grinder (D:4)
  10 komodo dragons
  A death yak skeleton (D:15)
  A centaur skeleton (D:10)
  A giant firefly (Swamp:1)
  3 trolls
  A polar bear (Lair:6)
  9 fire drakes
  A queen bee (Lair:2)
  Sonja (D:15)
  3 giant leeches (Swamp:2)
  A two-headed ogre (D:15)
  Prince Ribbit (D:6)
  9 slime creatures
  3 bog bodies (Swamp:1)
  4 baby alligators (Swamp:3)
  2 ravens (Swamp:3)
  A boulder beetle (Lair:5)
  4 basilisks
  11 blink frogs
  2 vampires
  A trapdoor spider (D:13)
  3 wyverns
  A shadow (D:13)
  29 yaks
  A steam dragon (D:10)
  An elephant slug (Lair:2)
  7 fire bats (Lair:7)
  3 hungry ghosts
  18 ugly things
  A deep elf mage (D:11)
  A shark (Lair:2)
  Grum (D:12)
  5 hippogriffs
  21 wolves
  A hill giant skeleton (D:10)
  21 vampire mosquitoes
  A necrophage (D:8)
  3 wargs
  4 nagas (Lair:3)
  A mottled dragon (D:13)
  11 porcupines
  A soldier ant (D:14)
  8 swamp worms
  22 orc warriors
  The ghost of dck the Firebug, an average DEFE of Kikubaaqudgha (D:4)
  An ogre skeleton (D:12)
  A black bear (D:10)
  5 sky beasts
  5 spiders (Lair:8)
  35 ice beasts
  4 yellow wasps (Lair:8)
  21 water moccasins
  2 giant goldfish
  3 swamp drakes
  2 phantoms
  A manticore skeleton (D:14)
  4 centaurs
  11 ogres
  A boring beetle (Lair:4)
  14 crocodiles
  4 big kobolds
  A lava worm (Lair:7)
  A brain worm (D:13)
  Blork the orc (D:5)
  8 giant slugs
  A giant slug zombie (D:15)
  18 giant frogs
  5 insubstantial wisps (Swamp:1)
  3 scorpions
  24 killer bees
  A tengu zombie (D:11)
  2 eyes of draining
  A troll skeleton (D:13)
  5 wights
  5 crimson imps
  9 orc priests
  An electric eel (Lair:3)
  A basilisk zombie (D:14)
  4 goliath beetles
  2 big fish (Lair:5)
  2 centaur zombies
  8 hounds
  An elf zombie (D:8)
  A giant frog zombie (D:10)
  3 jellies
  A giant frog skeleton (D:11)
  An elf skeleton (D:11)
  A quasit (D:7)
  5 iguanas
  21 orc wizards
  21 sheep
  12 worker ants
  Ijyb (D:2)
  25 adders
  8 gnolls
  39 green rats
  4 giant mites
  8 worms
  2 shadow imps
  2 giant eyeballs
  99 orcs
  2 ball pythons
  4 giant cockroaches
  24 hobgoblins
  27 kobolds
  18 quokkas
  19 bats
  5 giant geckos
  3 giant newts
  2 giant spores (D:10)
  20 goblins
  28 jackals
  A jackal skeleton (D:8)
  3 orc zombies
  32 rats
  A rat skeleton (D:4)
  2 ballistomycetes (D:10)
  A fungus (Lair:8)
994 creatures vanquished.

Vanquished Creatures (others)
  A wight (D:11)
  A crimson imp (D:10)
  An orc wizard (D:10)
  2 adders (D:10)
  A hobgoblin (D:10)
  A giant spore (D:11)
  A ballistomycete (D:10)
8 creatures vanquished.

Grand Total: 1002 creatures vanquished

Notes
Turn   | Place    | Note
--------------------------------------------------------------
     0 | D:1      | PolkaDot, the Vampire Enchanter, began the quest for the Orb.
     0 | D:1      | Reached XP level 1. HP: 13/13 MP: 3/3
   142 | D:1      | Reached XP level 2. HP: 11/19 MP: 1/4
   362 | D:1      | Reached skill level 5 in Hexes
   797 | D:2      | Reached XP level 3. HP: 16/24 MP: 4/6
   855 | D:2      | Found a shattered altar of Ashenzari.
   860 | D:2      | Became a worshipper of Ashenzari the Shackled
  1004 | D:2      | Learned a level 3 spell: Confuse
  1311 | D:2      | Reached XP level 4. HP: 30/30 MP: 1/7
  1366 | D:2      | Reached skill level 6 in Hexes
  1515 | D:2      | Noticed Ijyb
  1562 | D:2      | Killed Ijyb
  2215 | D:2      | Found a shimmering altar of Xom.
  2293 | D:2      | Reached XP level 5. HP: 33/35 MP: 5/9
  2975 | D:3      | Learned a level 2 spell: Ensorcelled Hibernation
  2998 | D:3      | Reached skill level 7 in Hexes
  3848 | D:4      | Noticed dck's ghost (average DEFE)
  4079 | D:4      | Acquired Ashenzari's first power
  4142 | D:4      | Reached skill level 5 in Stealth
  4207 | D:4      | Killed dck's ghost
  4207 | D:4      | Reached skill level 8 in Hexes
  4207 | D:4      | Reached XP level 6. HP: 24/41 MP: 2/10
  4486 | D:4      | Noticed Grinder
  4488 | D:4      | Killed Grinder
  4488 | D:4      | Reached skill level 9 in Hexes
  4488 | D:4      | Reached XP level 7. HP: 46/46 MP: 12/12
  4823 | D:5      | Entered Level 5 of the Dungeon
  4936 | D:5      | Noticed Blork the orc
  4948 | D:5      | Killed Blork the orc
  4948 | D:5      | Reached skill level 10 in Hexes
  5418 | D:5      | Reached skill level 11 in Hexes
  5418 | D:5      | Reached XP level 8. HP: 35/52 MP: 4/14
  5636 | D:5      | Learned a level 6 spell: Invisibility
  5865 | D:6      | Acquired Ashenzari's second power
  5889 | D:6      | Reached skill level 1 in Shields
  5917 | D:6      | Found a staircase to the Ecumenical Temple.
  5928 | Temple   | Entered the Ecumenical Temple
  6020 | D:6      | Reached skill level 12 in Hexes
  6061 | D:6      | Acquired Ashenzari's third power
  6148 | D:6      | Noticed Prince Ribbit
  6151 | D:6      | Killed Prince Ribbit
  6312 | D:6      | Found a deep blue altar of Sif Muna.
  6313 | D:6      | Found a blossoming altar of Fedhas.
  6521 | D:6      | Paralysed by a giant eyeball for 3 turns
  6614 | D:7      | Reached XP level 9. HP: 57/57 MP: 12/17
  6633 | D:7      | Reached skill level 10 in Stealth
  6790 | D:7      | Reached skill level 13 in Hexes
  6800 | D:7      | Learned a level 2 spell: Sure Blade
  6827 | D:7      | Noticed a skeletal warrior
  6827 | D:7      | Noticed a skeletal warrior
  7583 | D:7      | Noticed a skeletal warrior
  7590 | D:7      | Killed a skeletal warrior
  7593 | D:7      | Killed a skeletal warrior
  7593 | D:7      | Reached skill level 5 in Shields
  7765 | D:8      | Reached skill level 14 in Hexes
  7765 | D:8      | Reached XP level 10. HP: 63/63 MP: 13/18
  7772 | D:8      | Noticed a three-headed hydra
  7775 | D:8      | Killed a three-headed hydra
  7849 | D:8      | Acquired Ashenzari's fourth power
  8262 | D:8      | Found Tieheq's Food Emporium.
  8972 | D:9      | Reached skill level 1 in Armour
  9499 | D:9      | Found a staircase to the Orcish Mines.
  9725 | D:10     | Entered Level 10 of the Dungeon
  9934 | D:10     | Found a staircase to the Lair.
  9975 | D:10     | Reached skill level 15 in Hexes
 10085 | D:10     | Reached XP level 11. HP: 68/68 MP: 13/20
 10583 | D:11     | Noticed a hill giant
 10589 | D:11     | Killed a hill giant
 10651 | D:11     | Reached skill level 5 in Armour
 10891 | D:11     | Noticed an unseen horror
 10899 | D:11     | Killed an unseen horror
 11026 | D:11     | Found a portal to a secret trove of treasure.
 11277 | Lair:1   | Entered Level 1 of the Lair of Beasts
 11378 | Lair:1   | Reached skill level 16 in Hexes
 11515 | Lair:1   | Gained mutation: Armour fits poorly on your strangely shaped body. [potion of mutation]
 11515 | Lair:1   | Gained mutation: You can spit poison. [potion of mutation]
 11515 | Lair:1   | Gained mutation: You are weak. (Str -2) [potion of mutation]
 11516 | Lair:1   | Lost mutation: Armour fits poorly on your strangely shaped body. [potion of cure mutation]
 11516 | Lair:1   | Lost mutation: You can spit poison. [potion of cure mutation]
 11516 | Lair:1   | Lost mutation: You are weak. (Str -2) [potion of cure mutation]
 11969 | Lair:1   | Reached XP level 12. HP: 72/74 MP: 16/20
 12402 | Lair:2   | Reached skill level 15 in Stealth
 12810 | Lair:2   | Identified the cursed -2 pair of gloves "Afuqieh" {Stlth}
 13452 | Lair:3   | Found a staircase to the Snake Pit.
 14149 | Lair:3   | Learned a level 3 spell: Flight
 14277 | Lair:3   | Identified the +7,+6 hand axe "Twi Khiu" {drain, rC+ Dex+2 Stlth+}
 14289 | Lair:3   | Reached skill level 1 in Charms
 14705 | Lair:4   | Reached skill level 17 in Hexes
 14736 | Lair:4   | Noticed Harold
 14739 | Lair:4   | Killed Harold
 14854 | Lair:4   | Reached skill level 5 in Charms
 15243 | Lair:4   | Identified the cursed -1,+1 falchion of Crajaezi {slice, rF+}
 15518 | Lair:5   | Found a staircase to the Swamp.
 15676 | Lair:5   | Reached XP level 13. HP: 79/79 MP: 18/21
 16990 | Lair:6   | Found a staircase to the Slime Pits.
 17420 | Lair:7   | Reached skill level 18 in Hexes
 17492 | Lair:7   | Noticed Fannar
 17501 | Lair:7   | Killed Fannar
 17505 | Lair:7   | Found a snail-covered altar of Cheibriados.
 17995 | Lair:8   | Entered Level 8 of the Lair of Beasts
 18035 | Lair:8   | Identified the Tome of Flight
 18349 | Lair:8   | Reached skill level 10 in Charms
 18731 | Lair:8   | Reached XP level 14. HP: 85/85 MP: 13/22
 18737 | Lair:8   | Identified the +7,+2 great sword "Jiteof" {antimagic, rN+ MR++ Int-5}
 19767 | D:12     | Found a labyrinth entrance.
 19797 | Lab      | Entered a labyrinth
 19930 | Lab      | Reached skill level 19 in Hexes
 20063 | Lab      | Identified a +6 rod of ignition (14/14)
 20068 | Lab      | Identified the +2 robe "Prowor" {rF+} (You found it in a labyrinth)
 20068 | Lab      | Identified the cursed -2 pair of boots of Benevolence {Dex+2 Int+2 Acc-3 Dam+5} (You found it in a labyrinth)
 20244 | D:12     | Learned a level 4 spell: Enslavement
 20417 | D:12     | Noticed Grum
 20431 | D:12     | Killed Grum
 20964 | D:13     | Found a frozen archway.
 21020 | IceCv    | Entered an ice cave
 21747 | D:13     | Reached skill level 5 in Dodging
 22044 | D:13     | Found a gate to the Vaults.
 22543 | D:14     | Found a flagged portal.
 22550 | Bailey   | Entered a bailey
 23361 | D:14     | Found a sparkling altar of Nemelex Xobeh.
 23702 | D:15     | Entered Level 15 of the Dungeon
 23949 | D:15     | Noticed Sonja
 23955 | D:15     | Killed Sonja
 23955 | D:15     | Reached XP level 15. HP: 90/90 MP: 25/25
 23994 | D:15     | Found a staircase to the Depths.
 24215 | D:15     | Reached skill level 20 in Hexes
 24297 | D:15     | Noticed Urug
 24302 | D:15     | Killed Urug
 24924 | Orc:1    | Entered Level 1 of the Orcish Mines
 25089 | Orc:1    | Found Kluchic's Antique Weapon Boutique.
 25171 | Orc:1    | Bought a slimy dagger for 210 gold pieces
 25171 | Orc:1    | Identified the +4,+3 dagger "Temo" {stab, +Inv rPois rF+ MR+} (You bought it in a shop on level 1 of the Orcish Mines)
 25648 | Orc:3    | Found Khopsaaw's Food Shoppe.
 25667 | Orc:3    | Found Pluahueg's Book Boutique.
 25702 | Orc:3    | Found Amuaciof's Book Shoppe.
 25727 | Orc:3    | Gained mutation: Your spells are a little harder to cast, but a little more powerful. [potion of beneficial mutation]
 26318 | Swamp:1  | Entered Level 1 of the Swamp
 26318 | Swamp:1  | Noticed Nikola
 26328 | Swamp:1  | Killed Nikola
 26488 | Swamp:1  | Noticed Asterion
 26529 | Swamp:1  | Noticed a spectral weapon
 27100 | Swamp:2  | Reached skill level 10 in Dodging
 27273 | Swamp:2  | Reached skill level 5 in Short Blades
 27581 | Swamp:3  | Noticed a thorn hunter
 27619 | Swamp:3  | Killed from afar by a thorn hunter

Action                   |  1- 3 |  4- 6 |  7- 9 | 10-12 | 13-15 || total
-------------------------+-------+-------+-------+-------+-------++-------
Melee: Dagger            |   191 |   347 |   188 |   659 |  1417 ||  2802
 Cast: Corona            |    14 |       |     4 |     5 |     1 ||    24
       Confuse           |     6 |    23 |     8 |    14 |    22 ||    73
       Ensorcelled Hiber |       |    16 |    52 |   161 |   122 ||   351
       Invisibility      |       |       |     7 |    16 |    37 ||    60
       Flight            |       |       |       |     2 |    12 ||    14
       Enslavement       |       |       |       |       |     6 ||     6
 Abil: End Transformatio |       |     1 |       |     1 |     1 ||     3
       Bat Form          |       |     1 |       |     1 |     1 ||     3
Evoke: Wand              |       |       |     2 |     8 |     6 ||    16
  Use: Potion            |     1 |     1 |       |    10 |     5 ||    17
       Scroll            |     5 |     8 |     8 |    34 |    29 ||    84
 Stab: Sleeping          |     4 |    21 |    68 |   198 |   335 ||   626
       Confused          |     4 |     7 |     3 |     4 |    15 ||    33
       Invisible         |       |       |     2 |    41 |    45 ||    88
       Distracted        |       |       |       |     5 |     1 ||     6
       Fleeing           |       |       |       |       |     1 ||     1
